 Dungeon Crawl Stone Soup version 0.26.1-11-gd32895ea62 (webtiles) character file.

Game seed: 9802871644821155022

1399 MajorAdolf the Skirmisher (level 8, -1/109 HPs)
             Began as a Naga Wanderer on July 23, 2021.
             Was a Believer of Ru.
             Killed from afar by Maggie (15 damage)
             ... with a bolt of acid
             ... on level 6 of the Dungeon.
             The game lasted 00:12:26 (7241 turns).

MajorAdolf the Skirmisher (Naga Wanderer)           Turns: 7241, Time: 00:12:26

Health: -1/109     AC: 20    Str: 24    XL:     8   Next: 69%
Magic:  19/19      EV:  1    Int: 14    God:    Ru [**....]
Gold:   415        SH: 15    Dex: 12    Spells: 10/10 levels left

rFire    . . .     SeeInvis +   k - +2 hand axe (drain)
rCold    . . .     Faith    .   h - +1 tower shield
rNeg     + + +     Spirit   .   (armour currently unavailable)
rPois    +         Reflect  .   (helmet currently unavailable)
rElec    .         Harm     .   (cloak currently unavailable)
rCorr    .         Rampage  .   (gloves currently unavailable)
Will     +....     NoTele   +   (no barding)
Stlth    ++........             a - amulet of magic regeneration
HPRegen  0.28/turn              x - ring of Lies {rN+ MP+9 Str+6 Int+2}
MPRegen  0.41/turn              (no ring)

@: tree-form, corroded
A: large, see invisible, spit poison 1, strong 1, MP-powered wands, unskilled 1,
AC +2
a: Spit Poison, Renounce Religion


You were on level 6 of the Dungeon.
You worshipped Ru.
Ru was pleased with you.
You were a tree.
You visited 2 branches of the dungeon, and saw 7 of its levels.
You also visited: Sewer and Ossuary.

You collected 415 gold pieces.

Inventory:

Hand Weapons
 j - a +2 short sword of venom
 k - a +2 hand axe of draining (weapon)
Armour
 c - a +2 scale mail (melded)
 h - a +1 tower shield (worn)
 s - a +1 helmet (melded)
Magical Staves
 v - an uncursed staff of air
Jewellery
 a - an amulet of magic regeneration (around neck)
 x - the ring of Lies (left branch) {rN+ MP+9 Str+6 Int+2}
   (You acquired it on level 6 of the Dungeon)

   [ring of positive energy]

   It affects your strength (+6).
   It affects your intelligence (+2).
   It protects you from negative energy.
   It affects your magic capacity (+9).
Scrolls
 b - 2 scrolls of blinking
 g - 2 scrolls of enchant armour
 q - 2 scrolls of remove curse
 u - 3 scrolls of teleportation
 w - 2 scrolls of amnesia
 y - a scroll of identify
Potions
 d - a potion of berserk rage {unknown}
 e - 3 potions of flight
 f - a potion of haste
 i - a potion of lignification
 l - 4 potions of curing
 m - a potion of invisibility
 n - 3 potions of attraction
 o - 2 potions of degeneration
 p - a potion of mutation
 r - 3 potions of heal wounds
 t - a potion of magic
 z - 2 potions of resistance {unknown}


   Skills:
 + Level 4.3 Fighting
 + Level 4.1(4.2) Axes
 - Level 0.8(2.7) Maces & Flails
 + Level 4.0 Armour
 + Level 3.1 Dodging
 - Level 1.3 Stealth
 + Level 2.5 Shields
 - Level 1.7 Spellcasting
 - Level 3.6 Poison Magic
 - Level 0.8 Evocations


You had 10 spell levels left.
You didn't know any spells.
Your spell library contained the following spells:

 Spells                   Type           Power        Failure   Level
 Animate Skeleton         Necr           2%           98%         1
 Apportation              Tloc           2%           98%         1
 Corona                   Hex            1%           98%         1
 Freeze                   Ice            4%           98%         1
 Summon Small Mammal      Summ           4%           98%         1
 Frozen Ramparts          Ice            2%           100%        3


Dungeon Overview and Level Annotations

Branches:
Dungeon (6/15)             Temple (1/1) D:4           Sewer (visited)
Ossuary (visited)

Altars:
Ashenzari
Cheibriados
Dithmenos
Elyvilon
Fedhas
Gozag
Kikubaaqudgha
Makhleb
Nemelex Xobeh
Qazlal
Ru
Sif Muna
Trog
Uskayaw
Vehumet
Wu Jian
Xom
Yredelemnul
Zin

Shops:
D:6 (

Annotations:
D:6 Maggie, Menkaure


Innate Abilities, Weirdness & Mutations

You cannot wear boots.
((Your serpentine skin is tough. (AC +2)))
You have supernaturally acute eyesight. (SInv)
((Armour fits poorly on your strangely shaped body.))
((Your system is resistant to poisons. (rPois)))
((You cover ground very slowly.))
You can spit poison.
You are somewhat unskilled. (-1 Apt)
Your muscles are strong. (Str +2)
You expend magic power (3 MP) to strengthen your wands.


Message History

Maggie zaps a wand.
The bolt of acid hits you!! The acid corrodes you!
You are splashed with acid!
* * * LOW HITPOINT WARNING * * *
You focus your inner power and blind Maggie in retribution!
Unknown command.
You barely miss Maggie.
Maggie is severely wounded.
You block Maggie's attack.
Really quaff the potion of lignification?
You turn into a tree.
Your +1 helmet melds into your body.
Your +2 scale mail melds into your body.
Your roots penetrate the ground.
Maggie casts a spell at you. The bolt of fire hits you.
* * * LOW HITPOINT WARNING * * *
Unknown command.
You hit Maggie.
Maggie is almost dead.
Maggie zaps a wand.
The bolt of acid hits you!
You die...

#.* #.# #. #,* #.# ##.
***#*,*### ##+## #..
*,,,.,,..# ##...## #.#
*,**#.*#.# ##.....## #.#
*,*##.##.###......†## #.#
***.##...#.##.........###..
*,,.........'.......†.'....
*,*.!.....♣##.........###..
*,*.......@###.......## #.#
*,*.......## ##.....## #..
*,*.......* ##...## ###
*,,.......* ##+##
***##...##* *,* #.##* *,*
#.* **,********* *,*
**,,,**,,,,,,


You could see Maggie (blind, drained).

Vanquished Creatures
  An orc warrior (D:4)
  A phantom (D:5)
  2 ogres
  A big kobold (Sewer)
  A water moccasin zombie (Ossuary)
  A howler monkey (D:6)
  A hound (D:4)
  A centaur skeleton (D:5)
  A centaur zombie (D:6)
  An iguana (D:5)
  3 orc wizards
  2 orc priests
  4 worker ants
  5 big kobold zombies (Ossuary)
  A hound skeleton (D:4)
  A hound zombie (D:6)
  2 mummies (Ossuary)
  4 gnolls (D:5)
  9 adders
  A river rat (Sewer)
  2 white imps (D:5)
  2 oozes
  7 adder zombies
  An adder skeleton (D:4)
  5 worms
  4 dart slugs
  7 leopard geckos
  24 orcs
  6 giant cockroaches
  2 gnoll zombies (Ossuary)
  6 goblins
  11 hobgoblins
  14 jackals
  12 kobolds
  5 quokkas
  A ball python (D:3)
  6 bats
  4 frilled lizards
  5 hobgoblin zombies (Ossuary)
  6 kobold zombies (Ossuary)
  A leopard gecko skeleton (D:4)
  4 orc zombies (Ossuary)
  A quokka skeleton (D:5)
  12 rats
191 creatures vanquished.

Vanquished Creatures (others)
  An orc wizard (D:5)
1 creature vanquished.

Grand Total: 192 creatures vanquished

Notes
Turn   | Place    | Note
-------+----------+-------------------------------------------
     0 | D:1      | MajorAdolf the Naga Wanderer began the quest for the Orb.
     0 | D:1      | MajorAdolf set off with the following items: a +0 mace, a
                  | +2 scale mail; and the following spell memorised: Freeze;
                  | and the following spells available to memorise: Frozen
                  | Ramparts
     0 | D:1      | Reached XP level 1. HP: 15/15 MP: 3/3
   173 | D:1      | Reached skill level 1 in Fighting
   173 | D:1      | Reached XP level 2. HP: 16/25 MP: 5/5
   750 | D:1      | Reached XP level 3. HP: 31/31 MP: 6/6
   945 | D:2      | Reached skill level 1 in Axes
  1134 | D:2      | Found a hide-covered altar of Uskayaw.
  1347 | D:2      | Reached XP level 4. HP: 39/39 MP: 7/7
  1770 | D:2      | Found a shadowy altar of Dithmenos.
  1976 | D:3      | Reached skill level 1 in Dodging
  1976 | D:3      | Reached XP level 5. HP: 46/46 MP: 8/8
  2651 | D:3      | Found a snail-covered altar of Cheibriados.
  3077 | D:4      | Reached XP level 6. HP: 54/55 MP: 9/9
  3258 | D:4      | Found a staircase to the Ecumenical Temple.
  3271 | Temple   | Entered the Ecumenical Temple
  3430 | Temple   | Became a worshipper of Ru the Awakened
  3817 | D:4      | Noticed an orc warrior
  3835 | D:4      | Killed an orc warrior
  3836 | D:4      | Reached skill level 1 in Shields
  3984 | D:4      | Found a broken altar of Ashenzari.
  3984 | D:4      | Found a shimmering blue altar of Sif Muna.
  3986 | D:4      | Found an ornate altar of the Wu Jian Council.
  4336 | D:4      | Reached XP level 7. HP: 59/62 MP: 10/10
  4357 | D:5      | Entered Level 5 of the Dungeon
  5063 | D:5      | Gained mutation: You are somewhat unskilled. (-1 Apt) [Ru
                  | sacrifice]
  5063 | D:5      | Reduced skill Spellcasting to level 1
  5063 | D:5      | Reached * piety under Ru
  5063 | D:5      | Reached ** piety under Ru
  5341 | D:5      | Found an ancient bone altar of Kikubaaqudgha.
  5450 | D:5      | Found a shadowy altar of Dithmenos.
  5530 | D:5      | Reached XP level 8. HP: 39/72 MP: 10/10
  5817 | D:6      | Found a glowing drain.
  5823 | Sewer    | Entered a sewer
  5896 | Sewer    | Found a white marble altar of Elyvilon.
  6101 | D:6      | Found a sand-covered staircase.
  6107 | Ossuary  | Entered an ossuary
  6461 | D:6      | Found Detorhiu's Antique Weapon Shoppe.
  6675 | D:6      | Noticed Menkaure
  7089 | D:5      | Gained mutation: Your muscles are strong. (Str +2) [potion
                  | of mutation]
  7089 | D:5      | Gained mutation: You expend magic power (3 MP) to
                  | strengthen your wands. [potion of mutation]
  7101 | D:6      | Identified a scroll of acquirement
  7101 | D:6      | Acquired the ring of Lies {rN+ MP+9 Str+6 Int+2}
  7225 | D:6      | Noticed Maggie
  7241 | D:6      | Killed from afar by Maggie

Illustrated notes

Levels and vault maps discovered:
D:1:      denvon_arrival_planthouse, layout_basic, minmay_tetromino_l2
D:2:      layout_loops_ring, eat_drink_and_be_merry_uskayaw, marbit_many_paths
D:3:      layout_basic, kennysheep_slug_shrine
D:4:      layout_gridville, gammafunk_temple_overflow_claw,
          minmay_temple_entry_sparse_star
D:5:      layout_cave_pools, basic_altar, grunt_ministairs_12,
          chequers_serial_rivers_room_b, serial_bayou_pond_e, minivault_25,
          grunt_dithmenos_shadows
D:6:      minmay_diamond_boxcup, layout_loops_corners,
          lemuel_coloured_pillars_altar, serial_shops, shop,
          nicolae_ossuary_entry_plus, gup_sewer_entry_bubbles, uniq_menkaure,
          uniq_maggie, uniq_eustachio
Temple:   dshaligram_water_room_temple

Skill      XL: |  1  2  3  4  5  6  7  8 |
---------------+-------------------------+-----
Fighting       | 1 2 3 3 4 |  4.3
Armour         | 2 3 4 |  4.0
Axes           | 1 2 3 4 |  4.1
Dodging        | 1 2 3 |  3.1
Shields        | 1 2 |  2.5
Maces & Flails | 0 |  0.8
Spellcasting   | 1 |  1.7
Poison Magic   | 3 |  3.6
Evocations     | 0 |  0.8
Stealth        | |  1.3

Action                   |  1- 3 |  4- 6 |  7- 9 || total
-------------------------+-------+-------+-------++-------
Melee: Mace              |    24 |       |       ||    24
       Hand axe          |    64 |   209 |   377 ||   650
       Short sword       |     6 |       |       ||     6
Invok: Sacrifice Skill   |       |       |     1 ||     1
 Abil: Spit Poison       |     2 |     2 |     2 ||     6
  Use: Scroll            |       |     9 |    17 ||    26
       Potion            |       |       |     5 ||     5
 Stab: Invisible         |       |       |     1 ||     1
Armor: Scale mail        |    43 |   114 |   164 ||   321
Dodge: Dodged            |    41 |    71 |    48 ||   160
Block: Tower shield      |       |    46 |   218 ||   264
